 Dungeon Crawl Stone Soup version 0.29-a0-207-gf982a884d8 (webtiles) character file.

Game seed: 5747353864507982389

23 iguanaiguana the Grasshopper (level 2, 0/23 HPs)
             Began as a Palentonga Warper on Feb 24, 2022.
             Slain by an adder (2 damage)
             ... on level 2 of the Dungeon.
             The game lasted 00:02:34 (1040 turns).

iguanaiguana the Grasshopper (Palentonga Warper)    Turns: 1040, Time: 00:02:35

Health: 0/23       AC:  8    Str: 14    XL:     2   Next: 75%
Magic:  5/5        EV:  7    Int: 13    God:
Gold:   72         SH:  0    Dex:  9    Spells: 5/5 levels left

rFire   . . .      SeeInvis +   a - +0 hand axe
rCold   . . .      Faith    .   (no shield)
rNeg    . . .      Spirit   .   b - +0 leather armour
rPois   .          Reflect  .   (no helmet)
rElec   .          Harm     .   (no cloak)
rCorr   .          Rampage  .   (no gloves)
Will    .....                   g - +0 barding
Stlth   +.........              (no amulet)
HPRegen 0.07/turn               (no ring)
MPRegen 0.09/turn               (no ring)

@: flying
A: large, rugged brown scales 3, see invisible, deformed body, roll 1, armoured
tail
a: Rolling Charge


You were on level 2 of the Dungeon.
You visited 1 branch of the dungeon, and saw 2 of its levels.

You collected 72 gold pieces.

Inventory:

Hand Weapons
 a - a +0 hand axe (weapon)
Missiles
 d - 5 boomerangs of dispersal (quivered)
Armour
 b - a +0 leather armour (worn)
 g - a +0 barding (worn)
Scrolls
 c - a scroll of blinking {@r4}
 h - a scroll of identify {unknown}
 i - 2 scrolls of magic mapping {@r5}
 j - a scroll of brand weapon {unknown}
 k - a scroll of summoning {unknown}
 l - a scroll of vulnerability {unknown}
Potions
 e - a potion of mutation {unknown}
 f - 2 potions of flight


   Skills:
 + Level 2.2 Fighting
 * Level 2.3 Axes
 - Level 0.8 Throwing
 - Level 1.0 Armour
 - Level 1.7 Dodging
 - Level 2.1 Spellcasting
 * Level 3.2 Translocations


You had 5 spell levels left.
You didn't know any spells.
Your spell library contained the following spells:

 Spells                   Type           Power      Damage    Failure   Level
 Blink                    Tloc           18%        N/A       12%         2
 Gell's Gravitas          Tloc           9%         N/A       24%         3
 Lesser Beckoning         Tloc           9%         N/A       24%         3
 Teleport Other           Tloc           9%         N/A       24%         3
 Sandblast                Erth           2%         2d4       30%         1
 Ensorcelled Hibernation  Hex/Ice        2%         N/A       43%         2
 Passwall                 Tmut/Erth      0%         N/A       43%         2
 Stone Arrow              Conj/Erth      2%         3d7       67%         3
 Swiftness                Air            1%         N/A       67%         3
 Manifold Assault         Tloc           9%         N/A       92%         5


Dungeon Overview and Level Annotations

Branches:
Dungeon (2/15)

Altars:

Annotations:
D:2 Jessica


Innate Abilities, Weirdness & Mutations

You are completely covered in rugged brown scales. (AC +3, +7% HP)
You have supernaturally acute eyesight. (SInv)
Armour fits poorly on your strangely shaped body.
You can roll at nearby foes to attack.
You have a long armoured tail.


Message History

Jessica blinks!
You completely miss the adder. The adder barely misses you.
The adder bites you but does no damage.
You aren't carrying any items that you can evoke.
Okay, then.
You don't know any spells.
As you read the scroll labelled FOWEMM QUICUI, it crumbles to dust.
You feel aware of your surroundings.
It was a scroll of magic mapping.
The adder bites you but does no damage.
Okay, then.
You miss the adder. The adder barely misses you. The adder bites you.
* * * LOW HITPOINT WARNING * * *
You are poisoned.
The adder poisons you!
You hit the adder.
The adder is lightly wounded.
You feel sick. The adder bites you but does no damage.
You miss the adder. You tail-slap the adder!
The adder is almost dead.
You feel sick. The adder bites you but does no damage.
The adder barely misses you.
You barely miss the adder. Your punch misses the adder.
The adder is almost dead.
You feel sick.
You are no longer poisoned.
The adder barely misses you.
You miss the adder.
The adder is almost dead.
You closely miss Jessica. The adder closely misses you.
Jessica barely misses you. The adder bites you.
* * * LOW HITPOINT WARNING * * *
You barely miss the adder.
The adder is almost dead.
You hit Jessica but do no damage. The adder misses you.
Jessica hits you but does no damage.
Jessica gestures wildly.
Jessica hits you with a +0 dagger.
* * * LOW HITPOINT WARNING * * *
The adder bites you.
You die...

,,,,,,,,,,,,*..#..#........* *,,
,,,,,,,,,..###...###.......* *,,
,,,,,,,,,...#.,#..#........****,,
,,,,,,,,,.....##...........,,,,,,
,,,,,,,,,...........>......,,,,,,
,***,,,,,...........##****,,,,,,,
,* *,,,,,...#.....#..# ##.......
,* ******#.###..@###.####........
,* *,,,,,#..#...@.#....##........
,* *,,,,,......S.......##........
,* *,,,,,#...#.##......##........
,* *,,,,,#.#...*#......##........
,* *,,,,,.,.##**#.....(##........
,* *,,,,,..,* #..............#*
,* *,,,,,#*,* #..............# **
*,,,,,,,,* #######........#
*,,,,,**** #........#


You could see an adder and Jessica.

Vanquished Creatures
  A ball python (D:1)
  4 endoplasms
  2 giant cockroaches (D:1)
  4 goblins (D:1)
  3 hobgoblins (D:1)
  2 bats (D:1)
  2 frilled lizards (D:1)
  A kobold (D:1)
  A rat (D:1)
20 creatures vanquished.

Notes
Turn   | Place    | Note
-------+----------+-------------------------------------------
     0 | D:1      | iguanaiguana the Palentonga Warper began the quest for the
                  | Orb.
     0 | D:1      | Reached XP level 1. HP: 17/17 MP: 3/3
   375 | D:1      | Reached XP level 2. HP: 23/23 MP: 5/5
   445 | D:1      | Reached skill level 1 in Armour
  1030 | D:2      | Noticed Jessica
  1040 | D:2      | Slain by an adder

Illustrated notes

Levels and vault maps discovered:
D:1:      evilmike_arrival_plus, layout_loops_ring, minmay_tromino_v7
D:2:      layout_basic, minmay_strange_pillars, uniq_terence, uniq_jessica

Skill      XL: |  1  2 |
---------------+-------+-----
Armour         | 1 |  1.0
Fighting       | |  2.2
Axes           | |  2.3
Throwing       | |  0.8
Dodging        | |  1.7
Spellcasting   | |  2.1
Translocations | |  3.2

Action                   || total
-------------------------++-------
Melee: Hand axe          ||    86
       Tailslap          ||    12
       Punch             ||     1
 Abil: Rolling Charge    ||    12
  Use: Scroll            ||     1
       Potion            ||     1
Armor: Leather armour    ||    44
Dodge: Dodged            ||    43

Table legend: (Time is in decaauts)
 A = Elapsed time spent in this place.
 B = Non-inter-level travel time spent in this place.
 C = Inter-level travel time spent in this place.
 D = Time resting spent in this place.
 E = Time spent auto-exploring this place.
 F = Levels seen in this place.
 G = Mean time per level.
                   A        B        C        D        E       F      G
               +--------+--------+--------+--------+--------+-----+--------+
         Total |   1056 |   1014 |     42 |    261 |    582 |   2 |  528.0 |
       Dungeon |   1056 |   1014 |     42 |    261 |    582 |   2 |  528.0 |
               +--------+--------+--------+--------+--------+-----+--------+

Top non-repeatable levels by time:
     D:1: 1021 daAuts
     D:2: 35 daAuts
